Map: Blackpink LE

Players

HEMORRHOIDS - Winner!

  • Race: Protoss Protoss
  • League: Master
  • Spawn Location: 1:00

Biocraft

  • Race: Terran Terran
  • League: Master
  • Spawn Location: 7:00

VOD

Have the link to the VOD?

Description

Time

  • Played on: Dec. 17, 2017, 6:50 p.m.
  • Length: 11:06
Show
View Real Time Build Order
Export as new Build Order

HEMORRHOIDS Protoss - Winner!

Build Orders:  

Get SALT Encoding   

  12  0:01  Probe  
  13  0:13  Probe  
  14  0:17  Pylon  
  14  0:25  Probe  
  15  0:35  Forge  
  15  0:41  Probe (Chrono Boost)  
  17  0:53  Probe (Chrono Boost)  
  17  0:56  Pylon  
  17  0:59  Probe  
  18  1:11  Probe  
  19  1:19  Pylon  
  19  1:20  Pylon  
  19  1:25  Pylon  
  19  1:37  Photon Cannon  
  19  1:43  Photon Cannon  
  19  1:49  Gateway  
  18  2:10  Probe  
  18  2:12  Assimilator  
  18  2:15  Assimilator  
  19  2:31  Probe (Chrono Boost)  
  20  2:41  Zealot (Chrono Boost)  
  20  2:44  Probe (Chrono Boost)  
  23  2:46  Cybernetics Core  
  23  2:51  Photon Cannon  
  25  3:18  Probe (Chrono Boost)  
  22  3:24  Stalker, Pylon  
  25  3:30  Probe (Chrono Boost)  
  24  3:45  Stargate  
  24  3:54  Stalker  
  26  4:30  Fleet Beacon  
  26  4:46  Stalker  
  26  4:49  Stargate  
  24  5:26  Tempest  
  28  5:33  Photon Cannon  
  28  5:42  Pylon  
  28  6:00  Tempest (Chrono Boost)  
  34  6:06  Photon Cannon, Pylon  
  34  6:07  Photon Cannon  
  34  6:09  Shield Battery  
  34  6:17  Shield Battery  
  34  6:19  Shield Battery  
  34  6:20  Photon Cannon  
  34  6:25  Pylon  
  34  6:33  Tempest (Chrono Boost)  
  40  6:57  Nexus  
  39  7:57  Assimilator  
  38  8:00  Assimilator  
  38  9:03  Pylon  
  38  9:05  Pylon  
  38  9:09  Pylon  
  44  9:42  Pylon  
  44  9:45  Pylon x2  
Show
View Real Time Build Order
Export as new Build Order

Biocraft Terran 

Build Orders:  

Get SALT Encoding   

  12  0:00  SCV  
  13  0:13  SCV  
  14  0:17  Supply Depot  
  14  0:25  SCV  
  15  0:38  SCV  
  15  0:41  Barracks  
  16  0:45  Refinery  
  16  0:51  SCV  
  17  1:03  SCV  
  18  1:11  Supply Depot  
  18  1:16  Barracks  
  18  1:31  Marine  
  19  1:53  Marine  
  20  2:18  Barracks Reactor  
  20  2:32  Barracks  
  20  2:33  Refinery  
  20  2:37  Marine  
  21  2:47  Orbital Command  
  21  2:54  Marine  
  21  2:55  Marine  
  23  3:04  Barracks Tech Lab  
  22  3:20  Marine x2  
  22  3:23  Barracks Reactor  
  22  3:24  SCV  
  25  3:29  Marine  
  26  3:37  SCV  
  26  3:41  Marine x2  
  28  3:47  Engineering Bay  
  29  3:49  SCV  
  30  3:56  Refinery  
  30  3:58  Supply Depot  
  30  4:07  Concussive Shells  
  30  4:11  Marauder  
  31  4:17  Marine  
  31  4:19  Marine  
  31  4:21  Marine x2  
  34  4:32  Marauder  
  34  4:35  Marine  
  34  4:37  Marine  
  38  4:42  Marine x2  
  37  4:53  Marauder  
  37  4:54  Factory  
  37  4:56  Marine  
  35  5:16  Marauder, Marine x2  
  35  5:17  Marine  
  35  5:19  Marine  
  35  5:20  Supply Depot  
  37  5:29  Stimpack  
  37  5:30  SCV  
  38  5:38  Missile Turret  
  38  5:51  Factory Reactor, Starport  
  38  5:59  SCV  
  39  6:08  Marine x2  
  39  6:09  Marine x2  
  43  6:11  Marine  
  44  6:30  Marine x3  
  47  6:36  Marine  
  47  6:43  Marine  
  46  6:50  Viking x2  
  49  6:54  Supply Depot  
  36  7:57  Orbital Command  
  36  8:26  Marine  
  36  8:27  Marine  
Tags
 
Add a new tag
Caveats
  • Supply blocks, unpowered buildings, or Contaminate may cause inaccurate times.
  • Supply counts are checked every 10 seconds.